AoeStats
← MatzeAoE

Arena

505095608Analyzed
2v2 RM · 24d ago on Sep 7, 2026· 35m 6s· 4 players
Game mode
Random Map
Map size
Medium (4 player)
Population
200
Speed
Normal
Resources
Standard
Victory
Conquest
Starting age
Dark Age
Ending age
Imperial Age
RankedLock teamsTeams togetherTeam positionsShared explorationLock speedFull tech treeHidden civsTurbo modeCheats
Victory
Defeat
🇩🇪 Cumans · Germany
1516
+23
🇩🇪 Byzantines · Germany
1378
+26
🇺🇾 Ethiopians · Uruguay
1758
-27
🇫🇷 Poles · France
1580
-22
vaeVictis
10:41 Feudal Age
15:28 Castle Age
15:01 Double-Bit Axe
14:58 Horse Collar
16:53 Loom
17:28 Bow Saw
21:59 Heavy Plow
22:40 Gold Mining
34:38 Imperial Age
33:29 Wheelbarrow
FMG | Esteban
10:34 Feudal Age
14:21 Castle Age
12:31 Double-Bit Axe
12:32 Horse Collar
18:59 Bow Saw
19:28 Loom
22:25 Wheelbarrow
23:34 Heavy Plow
24:11 Town Watch
24:42 Hand Cart
28:07 Imperial Age
26:26 Squires
28:28 Scale Mail Armor
28:39 Forging
28:52 Masonry
29:53 Chemistry
28:15 Halberdier
29:39 Chain Mail Armor
29:57 Conscription
29:37 Royal Heirs
29:43 Gold Mining
29:48 Stone Mining
30:52 Iron Casting
32:43 Plate Mail Armor
MatzeAoE
8:49 Feudal Age
9:21 Double-Bit Axe
9:51 Horse Collar
15:38 Wheelbarrow
19:19 Castle Age
17:44 Stone Mining
19:32 Fletching
23:13 Bow Saw
23:16 Heavy Plow
24:51 Gold Mining
25:22 Hand Cart
26:43 Gold Shaft Mining
25:57 Loom
26:10 Town Watch
31:32 Imperial Age
29:45 Bodkin Arrow
33:03 Bloodlines
33:00 Thumb Ring
33:17 Ballistics
34:03 Chemistry
33:31 Parthian Tactics
33:09 Padded Archer Armor
34:05 Leather Archer Armor
34:53 Conscription
Red_Iffun
10:36 Feudal Age
11:07 Horse Collar
11:17 Double-Bit Axe
16:44 Castle Age
17:31 Loom
18:17 Bow Saw
18:09 Heavy Plow
21:16 Wheelbarrow
23:15 Gold Mining
24:32 Stone Mining
26:26 Hand Cart
30:47 Imperial Age
29:09 Stone Shaft Mining
29:11 Gold Shaft Mining
28:45 Husbandry
28:38 Light Cavalry
29:58 Scale Barding Armor
30:03 Forging
30:43 Devotion
31:18 Chain Barding Armor
31:18 Capped Ram
31:24 Hussar
32:47 Iron Casting
33:18 Two-Man Saw
33:01 Fletching
34:07 Ballistics
33:38 Treadmill Crane
33:57 Murder Holes
35:04 Plate Barding Armor
35:39 Bodkin Arrow
Connection lost

Rejoining the realm…

Still unreachable

The connection could not be restored.

Session expired

The server has moved on; the page needs a fresh start.